 Dungeon Crawl Stone Soup version 0.30.1 (webtiles) character file.

Game seed: 13427425205518959099

3273 booth the Trooper (level 9, -5/81 HPs)
             Began as a Pale Draconian Conjurer on July 6, 2023.
             Was a Follower of Ashenzari.
             Slain by an orc warrior
             ... wielding a +0 dire flail
              (7 damage)
             ... while paralysed by Psyche
             ... on level 7 of the Dungeon on July 7, 2023.
             The game lasted 01:03:32 (10296 turns).

booth the Trooper (Pale Draconian Conjurer)        Turns: 10296, Time: 01:03:33

Health: -5/81      AC: 10    Str: 10    XL:     9   Next: 68%
Magic:  18/18      EV:  2    Int: 22    God:    Ashenzari [*.....]
Gold:   41         SH:  0    Dex: 10    Spells: 2/20 levels left

rFire   . . .        i - +3 whip (venom)
rCold   . . .        q - +1 buckler
rNeg    . . .        (body armour unavailable)
rPois   +            (helmet restricted)
rElec   .            (no cloak)
rCorr   .            g - +2 pair of gloves of the Tethered Planets {Range, Self} (curse)
SInv    .            (no boots)
Will    .....        (no amulet)
Stlth   +++          e - ring "Enlightened the Ego" {rPois, Elem, Evo} (curse)
HPRegen 0.33/turn    m - +5 ring of evasion
MPRegen 0.16/turn

%: no passive effects
@: paralysed, studying Fighting
A: breathe steam, AC +7, unfitting armour, cold-blooded, steam resistance
a: Breathe Steam, Renounce Religion, Shatter the Chains


You were on level 7 of the Dungeon.
You worshipped Ashenzari.
Ashenzari was aware of your devotion.
You visited 2 branches of the dungeon, and saw 9 of its levels.

You collected 296 gold pieces.
You spent 255 gold pieces at shops.

Inventory:

Hand Weapons
 i - a +3 whip of venom (weapon)
 n - a +2 dagger of protection
 r - a +2 hand axe of electrocution
Missiles
 b - 7 boomerangs
 k - 12 poisoned darts (quivered)
 t - 4 throwing nets
Armour
 g - the cursed +2 pair of gloves of the Tethered Planets (worn) {Range, Self}
   (You found it on level 1 of the Dungeon)

   It has a curse which improves the following skills: Ranged Combat: Ranged
   Weapons and Throwing.
   Introspection: Fighting and Spellcasting.
 q - a +1 buckler (worn)
Jewellery
 e - the cursed ring "Enlightened the Ego" (left hand) {rPois, Elem, Evo}
   (You found it on level 2 of the Dungeon)

   [ring of poison resistance]

   rPois:     It protects you from poison.
   It has a curse which improves the following skills: Elements: Fire Magic, Ice
   Magic, Air Magic and Earth Magic.
   Evocations: Evocations.
 m - a +5 ring of evasion (right hand)
Wands
 c - a wand of iceblast (13)
 v - a wand of quicksilver (10)
Scrolls
 f - a scroll of fog
 j - a scroll of blinking
 l - 2 scrolls of magic mapping
 s - 2 scrolls of teleportation
 u - a scroll of immolation
Potions
 a - 2 potions of magic
 d - a potion of lignification
 h - 2 potions of flight
 o - a potion of might
 p - 3 potions of curing


   Skills:
 + Level 7.2(8.0) Fighting
 + Level 1.2(1.7) Throwing
 + Level 5.4 Dodging
 + Level 6.0 Stealth
 + Level 5.5(6.2) Spellcasting
 + Level 7.1 Conjurations
 + Level 4.5 Hexes
 + Level 1.8 Poison Magic


You had 2 spell levels left.
You knew the following spells:

 Your Spells              Type           Power      Damage    Failure   Level
a - Magic Dart            Conj           100%       1d8       1%          1
b - Searing Ray           Conj           76%        2d7       1%          2
c - Dazzling Flash        Conj/Hex       64%        N/A       3%          3
d - Fulminant Prism       Conj/Hex       16%        3d10      12%         4
e - Iskenderun's Mystic   Conj/Tloc      22%        2d6       30%         4
f - Olgreb's Toxic Radia  Pois           15%        N/A       52%         4

Your spell library contained the following spells:

 Spells                   Type           Power      Damage    Failure   Level
 Apportation              Tloc           12%        N/A       14%         1
 Necrotise                Necr           24%        1d5       14%         1
 Summon Small Mammal      Summ           24%        N/A       14%         1
 Call Imp                 Summ           12%        N/A       21%         2
 Mephitic Cloud           Conj/Pois/Air  20%        N/A       12%         3
 Discord                  Hex            13%        N/A       100%        8
 Ignition                 Fire           3%         3d4       100%        8


Dungeon Overview and Level Annotations

Branches:
Dungeon (8/15)             Temple (1/1) D:6
   Lair: D:8-11

Altars:
Ashenzari
Cheibriados
Dithmenos
Elyvilon
Fedhas
Gozag
Hepliaklqana
Kikubaaqudgha
Makhleb
Nemelex Xobeh
Okawaru
Qazlal
Ru
Sif Muna
Trog
Uskayaw
Vehumet
Wu Jian
Xom
Yredelemnul
Zin
The Shining One

Shops:
D:3 =   D:4 *   D:5 =(

Annotations:
D:4 2 transporters, nogood's ghost, amateur DsFE
D:7 Psyche


Innate Abilities, Weirdness & Mutations

You can breathe blasts of scalding, opaque steam.
Your pale cyan-grey scales are hard. (AC +7)
You cannot fit into any form of body armour.
You are cold-blooded and may be slowed by cold attacks.
You are immune to the effects of steam.


Message History

You hear some strange, mumbled words.
A puff of flame appears from out of thin air!
The puff of flame hits you. Psyche closely misses you.
The steam dragon bites you but does no damage.
The steam dragon completely misses you.
The orc is engulfed in a cloud of scalding steam.
The orc dies!
The orc misses you. The orc warrior closely misses you.
Something barely misses you.
Psyche looks satisfied for a moment.
The orc barely misses you. The steam dragon closely misses you.
The steam dragon barely misses you.
The orc warrior is engulfed in a cloud of scalding steam.
The orc warrior hits you but does no damage.
Something barely misses you.
You climb upwards.
The teleport trap disappears.
Reactivating autopickup.
There is a stone staircase leading down here.
You barely miss Psyche.
Psyche is lightly wounded.
Psyche barely misses you. The orc warrior misses you.
You block Psyche's attack.
You hit Psyche.
Psyche is poisoned.
Psyche is moderately wounded.
You have got your breath back.
Psyche gestures wildly while chanting.
A swirling arc of seething chaos appears!
The arc of chaos hits the orc warrior.
The arc of chaos hits you!
You suddenly lose the ability to move!
The orc warrior hits you with a +0 dire flail.
Psyche hits you but does no damage. Space warps around you.
The orc warrior hits you with a +0 dire flail.
Psyche hits you but does no damage. Space warps horribly around you!
The orc warrior hits you with a +0 dire flail.
Psyche hits you but does no damage.
Psyche says, "I'm a bad girl, but I can't do anything about it."
Psyche hits you but does no damage. Space warps horribly around you!!
* * * LOW HITPOINT WARNING * * *
The orc warrior hits you with a +0 dire flail!
You die...

###...#####
##.#.######.#
###.....#
#..#........#
#####.#
#.########### #.#
#.# #.#### ###.#
#....###..(#
####.Do..###
###o################
##
#@@...............
.#
##################
.## ..# ..# #.# #.#
#.# #.#


You could see Psyche (poisoned), a steam dragon (poisoned), an orc warrior and
an orc.

Vanquished Creatures
  Pikel (D:5)
  Maggie (D:8)
  Grinder (D:5)
  A wyvern (D:5)
  Menkaure (D:5)
  A steam dragon (D:8)
  2 water moccasins (D:6)
  A sky beast (D:6)
  An ice beast (D:6)
  4 ogres
  A centaur (D:8)
  A kobold brigand (D:8)
  Blork the orc (D:5)
  3 bullfrogs
  A scorpion (D:5)
  2 howler monkeys
  3 jellies (D:4)
  A gnoll bouda (D:4)
  An orc priest (D:4)
  3 hounds
  Jessica (D:3)
  5 iguanas
  4 orc wizards
  9 adders
  3 gnolls (D:4)
  2 shadow imps (D:5)
  A white imp (D:5)
  An ufetubus (D:4)
  A worm (D:2)
  A dart slug (D:3)
  22 orcs
  9 ball pythons
  7 endoplasms
  3 giant cockroaches
  5 goblins
  8 hobgoblins
  2 jackals (D:1)
  6 quokkas
  4 bats
  5 frilled lizards
  10 kobolds
  5 rats
145 creatures vanquished.

Vanquished Creatures (others)
  2 orcs (D:8)
  6 kobolds (D:8)
  3 fulminant prisms
11 creatures vanquished.

Grand Total: 156 creatures vanquished

Notes
Turn   | Place    | Note
-------+----------+-------------------------------------------
     0 | D:1      | booth the Draconian Conjurer began the quest for the Orb.
     0 | D:1      | Reached XP level 1. HP: 14/14 MP: 3/3
   238 | D:1      | Reached XP level 2. HP: 17/20 MP: 0/5
   252 | D:1      | Learned a level 2 spell: Searing Ray
  1270 | D:2      | Reached XP level 3. HP: 26/26 MP: 2/6
  1840 | D:2      | Reached XP level 4. HP: 33/33 MP: 3/7
  2034 | D:2      | Identified the +0 leather armour of Woqipi {rC+ rN+ Stlth+}
  2111 | D:2      | Learned a level 3 spell: Dazzling Flash
  2522 | D:3      | Found Oneugohe's Jewellery Shop.
  2664 | D:3      | Reached XP level 5. HP: 38/38 MP: 6/9
  2874 | D:3      | Noticed Jessica
  2889 | D:3      | Killed Jessica
  3372 | D:4      | Noticed an ogre
  3373 | D:4      | Found a transporter.
  3373 | D:4      | Noticed an ogre
  3373 | D:4      | Noticed nogood's ghost (amateur DsFE)
  3373 | D:4      | Identified the +7 dire flail "Draconian's Bane" {freeze,
                  | Str-3 Int-2 Dex+9 SInv}
  3373 | D:4      | Noticed an ogre
  3379 | D:4      | Found a transporter.
  3617 | D:4      | Learned a level 4 spell: Fulminant Prism
  3627 | D:4      | Found Zaigg's Assorted Antiques.
  3655 | D:4      | Reached skill level 1 in Hexes
  4037 | D:4      | Reached XP level 6. HP: 19/45 MP: 6/10
  4186 | D:4      | Reached skill level 5 in Conjurations
  5047 | D:4      | Reached skill level 1 in Fighting
  5206 | D:5      | Entered Level 5 of the Dungeon
  5206 | D:5      | Noticed Menkaure
  5214 | D:5      | Killed Menkaure
  5339 | D:5      | Your scales start taking on a pale cyan-grey colour.
  5339 | D:5      | Reached XP level 7. HP: 53/53 MP: 6/12
  5339 | D:5      | Gained mutation: You are immune to the effects of steam.
                  | [Pale Draconian growth]
  5626 | D:5      | Identified the +1 chain mail of Honour {Fly rElec Str-3}
  5674 | D:5      | Noticed Pikel
  5695 | D:5      | Found Qerac's Jewellery Emporium.
  5709 | D:5      | Noticed a wyvern
  5720 | D:5      | Killed a wyvern
  5791 | D:5      | Found Wotwic's Weapon Emporium.
  5929 | D:5      | Noticed Grinder
  5955 | D:5      | Paralysed by Grinder for 3 turns
  5958 | D:5      | Killed Grinder
  5959 | D:5      | Reached XP level 8. HP: 19/66 MP: 2/14
  6132 | D:5      | Noticed Blork the orc
  6153 | D:5      | Killed Blork the orc
  6222 | D:5      | Found a broken altar of Ashenzari.
  6250 | D:5      | Became a worshipper of Ashenzari the Shackled
  6301 | D:5      | Killed Pikel
  6302 | D:5      | Reached skill level 5 in Fighting
  6302 | D:5      | Reached skill level 5 in Stealth
  7753 | D:6      | Found a shimmering blue altar of Sif Muna.
  7799 | D:6      | Reached XP level 9. HP: 66/75 MP: 16/16
  7855 | D:6      | Found a staircase to the Ecumenical Temple.
  7872 | Temple   | Entered the Ecumenical Temple
  8231 | D:6      | Reached skill level 5 in Spellcasting
  8252 | D:6      | Reached skill level 5 in Dodging
  8257 | D:6      | Learned a level 4 spell: Iskenderun's Mystic Blast
  8262 | D:6      | Learned a level 4 spell: Olgreb's Toxic Radiance
  8884 | D:7      | Reached skill level 1 in Poison Magic
  9169 | D:4      | Bought a scroll of enchant armour for 255 gold pieces
  9170 | D:4      | Reached * piety under Ashenzari
  9842 | D:8      | Noticed Maggie
  9861 | D:8      | Killed Maggie
  9862 | D:8      | Reached skill level 1 in Throwing
 10281 | D:8      | Noticed Psyche
 10293 | D:7      | Paralysed by Psyche for 5 turns
 10296 | D:7      | HP: 2/81 [Psyche/+0 dagger of distortion (23)]
 10296 | D:7      | Slain by an orc warrior

Illustrated notes

Levels and vault maps discovered:
D:1:      psy_arrival_fountain, layout_loops_ring
D:2:      layout_basic
D:3:      layout_basic, serial_shops, shop, solitary_fountain, uniq_jessica
D:4:      layout_gridville, serial_shops, shop, gammafunk_ghost_smash,
          minmay_manual_mess
D:5:      layout_cave_pools, amcnicky_altar_gilded, serial_shops,
          nicolae_shop_hallway_stairs, shop, grunt_decor_fettered,
          uniq_blork_the_orc, uniq_pikel, uniq_grinder, uniq_menkaure
D:6:      layout_basic, mainiacjoe_overflow_tiny_flanked,
          minmay_temple_entry_grid, kennysheep_generic_room_14
D:7:      layout_basic
D:8:      layout_basic, serial_shops, shop, kb_lookout_dungeons_type,
          kennysheep_generic_room_11, uniq_psyche, uniq_maggie
Temple:   nicolae_temple_slightly_damp_pantheon

Skill      XL: |  1  2  3  4  5  6  7  8  9 |
---------------+----------------------------+-----
Stealth        | 2 3 4 5 6 |  6.0
Dodging        | 2 3 4 5 |  5.4
Spellcasting   | 3 4 5 |  5.5
Hexes          | 1 2 3 4 |  4.5
Conjurations   | 5 6 7 |  7.1
Fighting       | 1 4 6 7 |  7.2
Poison Magic   | 1 |  1.8
Throwing       | 1 |  1.2

Action                     |  1- 3 |  4- 6 |  7- 9 || total
---------------------------+-------+-------+-------++-------
  Melee: Dagger            |     8 |       |       ||     8
         Whip              |     5 |    34 |   112 ||   151
         Tailslap          |       |     5 |    21 ||    26
         Punch             |       |       |     1 ||     1
  Throw: Dart              |       |     5 |    20 ||    25
         Boomerang         |       |     3 |     7 ||    10
   Cast: Magic Dart        |    46 |    53 |    45 ||   144
         Searing Ray       |     8 |    13 |    30 ||    51
         Fulminant Prism   |       |     2 |     1 ||     3
         Dazzling Flash    |       |       |     1 ||     1
 Invoke: Curse Item        |       |       |     2 ||     2
Ability: Breathe Steam     |       |       |     1 ||     1
    Use: Scroll            |     5 |     5 |     8 ||    18
         Potion            |     1 |     1 |     2 ||     4
   Stab: Sleeping          |       |     1 |       ||     1
 Armour: Skin              |     7 |    17 |    40 ||    64
  Dodge: Dodged            |    11 |    32 |   123 ||   166
  Block: Buckler           |       |       |     8 ||     8
